 Dungeon Crawl Stone Soup version 0.27-a0-323-gbd089401bb (webtiles) character file.

Game seed: 4500154703882675645

154 dickylongcocking the Chopper (level 5, 0/41 HPs)
             Began as a Human Fighter on Feb 11, 2021.
             Incinerated by Grinder (4 damage)
             ... with a sticky flame
             ... on level 3 of the Dungeon.
             The game lasted 00:01:54 (2795 turns).

dickylongcocking the Chopper (Human Fighter)        Turns: 2795, Time: 00:01:55

Health: 0/41       AC:  6    Str: 16    XL:     5   Next: 62%
Magic:  5/5        EV:  6    Int: 10    God:
Gold:   131        SH:  9    Dex: 20    Spells: 3/4 levels left

rFire    . . .     SeeInvis .   a - +0 war axe
rCold    . . .     Faith    .   c - +0 kite shield
rNeg     . . .     Spirit   .   b - +0 scale mail
rPois    .         Reflect  .   (helmet restricted)
rElec    .         Harm     .   (no cloak)
rCorr    .         Rampage  .   (no gloves)
Will     +....                  (no boots)
Stlth    ..........             (no amulet)
HPRegen  0.13/turn              p - +6 ring of dexterity
MPRegen  0.09/turn              (no ring)

@: brilliant, liquid flames, flying, glowing
A: antennae 1, clever 1, strong-willed 1
a: no special abilities


You were on level 3 of the Dungeon.
You visited 1 branch of the dungeon, and saw 3 of its levels.

You collected 131 gold pieces.

Inventory:

Hand Weapons
 a - a +0 war axe (weapon)
Armour
 b - a +0 scale mail (worn)
 c - a +0 kite shield (worn)
Jewellery
 p - a +6 ring of dexterity (left hand)
Wands
 d - a wand of polymorph (5)
Scrolls
 e - a scroll of noise {unknown}
 f - 4 scrolls of teleportation {unknown}
 l - a scroll of fog {unknown}
 o - 2 scrolls of enchant weapon {unknown}
 r - a scroll of identify {unknown}
Potions
 g - 2 potions of mutation
 h - a potion of curing
 i - a potion of flight
 j - a potion of attraction {unknown}
 m - a potion of resistance {unknown}
 n - a potion of heal wounds {unknown}
 q - a potion of magic {unknown}
 s - a potion of invisibility {unknown}


   Skills:
 - Level 3.0 Fighting
 * Level 5.4 Axes
 - Level 3.0 Armour
 - Level 3.0 Shields


You had 3 spell levels left.
You knew the following spells:

 Your Spells              Type           Power        Failure   Level
a - Apportation           Tloc           0%           99%         1

Your spell library contained the following spells:

 Spells                   Type           Power        Failure   Level
 Animate Skeleton         Necr           0%           99%         1
 Corona                   Hex            0%           99%         1
 Summon Small Mammal      Summ           0%           99%         1


Dungeon Overview and Level Annotations

Branches:
Dungeon (3/15)

Altars:
Ru

Annotations:
D:3 Grinder


Innate Abilities, Weirdness & Mutations

You have a pair of small antennae on your head.
Your mind is acute. (Int +2)
You are strong-willed. (Will+)


Message History

You resist with significant effort.
You closely miss Grinder.
Grinder is lightly wounded.
Grinder gestures at you. You resist with significant effort. Grinder hits you!
You writhe in agony.
You closely miss Grinder.
Grinder is lightly wounded.
Grinder hits you but does no damage.
You hit Grinder.
Grinder is lightly wounded.
Grinder blinks!
It was a potion of mutation.
You feel extremely strange.
You feel strong-willed. A pair of antennae grows on your head!
You feel clever.
Okay, then.
Aiming: Polymorph
Press: ? - help, Shift-Dir - straight line, f - Grinder
Aim: Grinder (lightly wounded, will become a red devil, a smoke demon, or a lemure, chance to affect: 46%) Grinder evaporates and reforms as a smoke demon!
Grinder hits you but does no damage. x2; You block Grinder's attack.
You hit Grinder.
Grinder is lightly wounded.
Grinder gestures at you. Makhleb smites you!
You slash Grinder!
Grinder is moderately wounded.
You block Grinder's attack. Grinder hits you but does no damage.
Grinder barely misses you. Grinder gestures at you. The sticky flame hits you.
You are covered in liquid flames!
* * * LOW HITPOINT WARNING * * *
It was a potion of curing.
You feel better.
You are covered in liquid flames!
* * * LOW HITPOINT WARNING * * *
Grinder hits you but does no damage. x2; Grinder hits you.
* * * LOW HITPOINT WARNING * * *
You slash Grinder!
Grinder is moderately wounded.
You are covered in liquid flames!
You die...

..).. .# .# .###..
...#.###..# .# ##.
......##[####### ..####
#...[......... #.....#
#..........# ...
#....$....#
#######.####.........#
....>...(............#
########...#...3@....#
.#### ###.#............
....######.#.........###
###......#.#########....
######...# ##. #####


You could see Grinder the smoke demon.

Vanquished Creatures
  5 adders
  2 gnolls (D:3)
  2 oozes (D:1)
  2 worms (D:2)
  3 dart slugs (D:1)
  3 leopard geckos
  An orc (D:3)
  7 bats
  A giant cockroach (D:1)
  11 goblins
  3 hobgoblins
  A jackal (D:3)
  11 kobolds
  4 quokkas (D:3)
  2 frilled lizards
  10 rats
68 creatures vanquished.

Vanquished Creatures (others)
  12 plants (D:3)
12 creatures vanquished.

Grand Total: 80 creatures vanquished

Notes
Turn   | Place    | Note
-------+----------+-------------------------------------------
     0 | D:1      | dickylongcocking the Human Fighter began the quest for the
                  | Orb.
     0 | D:1      | Reached XP level 1. HP: 18/18 MP: 1/1
   231 | D:1      | Reached XP level 2. HP: 17/24 MP: 2/2
   500 | D:1      | Reached skill level 3 in Axes
   660 | D:1      | Reached XP level 3. HP: 29/29 MP: 3/3
  1293 | D:2      | Reached skill level 4 in Axes
  1293 | D:2      | Reached XP level 4. HP: 23/35 MP: 4/4
  1464 | D:2      | Learned a level 1 spell: Apportation
  2252 | D:3      | Reached XP level 5. HP: 41/41 MP: 5/5
  2310 | D:3      | Reached skill level 5 in Axes
  2407 | D:3      | Found a sacrificial altar of Ru.
  2777 | D:3      | Noticed Grinder
  2778 | D:3      | Paralysed by Grinder for 2 turns
  2790 | D:3      | Gained mutation: You are strong-willed. (Will+) [potion of
                  | mutation]
  2790 | D:3      | Gained mutation: You have a pair of small antennae on your
                  | head. [potion of mutation]
  2790 | D:3      | Gained mutation: Your mind is acute. (Int +2) [potion of
                  | mutation]
  2791 | D:3      | Noticed Grinder
  2791 | D:3      | Grinder changed into Grinder the smoke demon
  2795 | D:3      | Incinerated by Grinder

Illustrated notes

Levels and vault maps discovered:
D:1:      dpeg_arrival_circle_labyrinth_c, layout_basic
D:2:      layout_basic, amcnicky_mini_rare_corridor_liquid,
          hangedman_decor_lopped, minmay_indecisive_spiral
D:3:      wad_woods_stonehenge, layout_rooms, st_stairs_14, uniq_sigmund,
          uniq_grinder

Skill      XL: |  1  2  3  4  5 |
---------------+----------------+-----
Axes           | 3 4 5 |  5.4
Fighting       | |  3.0
Armour         | |  3.0
Shields        | |  3.0

Action                   |  1- 3 |  4- 6 || total
-------------------------+-------+-------++-------
Melee: War axe           |    77 |   109 ||   186
Evoke: Wand              |       |     1 ||     1
  Use: Potion            |       |     5 ||     5
Armor: Scale mail        |    35 |    59 ||    94
Dodge: Dodged            |    28 |    36 ||    64
Block: Kite shield       |    36 |    60 ||    96

Table legend: (Time is in decaauts)
 A = Elapsed time spent in this place.
 B = Non-inter-level travel time spent in this place.
 C = Inter-level travel time spent in this place.
 D = Time resting spent in this place.
 E = Time spent auto-exploring this place.
 F = Levels seen in this place.
 G = Mean time per level.
                   A        B        C        D        E       F      G
               +--------+--------+--------+--------+--------+-----+--------+
         Total |   2893 |   2774 |    119 |      0 |   2249 |   3 |  964.3 |
       Dungeon |   2893 |   2774 |    119 |      0 |   2249 |   3 |  964.3 |
               +--------+--------+--------+--------+--------+-----+--------+

Top non-repeatable levels by time:
     D:2: 1165 daAuts
     D:1: 1138 daAuts
     D:3: 589 daAuts
